 Dungeon Crawl Stone Soup version 0.21.1-1-g345015fe64 (webtiles) character file.

1020 Evaline the Bolt Thrower (level 8, -10/44 HPs)
             Began as a Gargoyle Hunter on June 20, 2018.
             Was a Follower of Okawaru.
             Mangled by an ice beast (14 damage)
             ... on level 5 of the Dungeon.
             The game lasted 00:32:19 (7736 turns).

Evaline the Bolt Thrower (Gargoyle Hunter)          Turns: 7736, Time: 00:32:20

Health: -10/44     AC:  7    Str: 16    XL:     8   Next: 22%
Magic:  9/9        EV: 14    Int: 13    God:    Okawaru [*.....]
Gold:   158        SH:  0    Dex: 11    Spells: 7/7 levels left

rFire    . . .     SeeInvis .   b - +2 hand crossbow
rCold    . . .     Gourm    +   (no shield)
rNeg     + . .     Faith    .   c - +0 leather armour
rPois    ∞         Spirit   .   y - +0 helmet
rElec    +         Reflect  .   C - +0 cloak
rCorr    .         Harm     .   (no gloves)
MR       .....                  (no boots)
Stlth    +++.......             p - amulet of the gourmand
HPRegen  0.14/turn              n - ring of stealth
MPRegen  0.11/turn              j - -3 ring of protection (curse)

@: no status effects
A: negative energy resistance 1, electricity resistance, unbreathing,
petrification resistance, rot immunity, AC +5
a: Heroism, Renounce Religion


You were on level 5 of the Dungeon.
You worshipped Okawaru.
Okawaru was aware of your devotion.
You were completely stuffed.

You visited 1 branch of the dungeon, and saw 5 of its levels.

You collected 158 gold pieces.

Inventory:

Hand Weapons
 a - a +0 short sword
 b - a +2 hand crossbow (weapon)
 q - a +1 mace of crushing
Missiles
 d - 13 bolts (quivered)
 e - 240 stones
 s - 3 javelins
Armour
 c - a +0 leather armour (worn)
 y - a +0 helmet (worn)
 C - a +0 cloak (worn)
 H - a +3 ring mail of fire resistance
Jewellery
 g - an uncursed ring of resist corrosion
 j - a cursed -3 ring of protection (right hand)
 n - a ring of stealth (left hand)
 p - an amulet of the gourmand (around neck)
 A - an uncursed ring of stealth
Wands
 B - a wand of random effects (24)
 G - a wand of flame (22)
Scrolls
 r - 3 scrolls of fear
Potions
 k - 2 potions of magic
 l - a potion of curing
 m - a potion of brilliance {unknown}
 o - 2 potions of haste {unknown}
 u - a potion of ambrosia {unknown}
 w - a potion of berserk rage
 x - 2 potions of lignification
 z - a potion of might {unknown}
 D - 2 potions of degeneration
 E - 2 potions of heal wounds
Books
 h - a book of Changes

   Spells                             Type                      Level
   a - Beastly Appendage              Transmutation                1
   b - Sticks to Snakes               Transmutation                2
   c - Spider Form                    Transmutation/Poison         3
   d - Ice Form                       Ice/Transmutation            4
   e - Blade Hands                    Transmutation                5
Comestibles
 f - 7 rations
 i - a chunk of flesh


   Skills:
 - Level 2.1 Fighting
 * Level 7.3 Crossbows
 + Level 5.2 Dodging
 + Level 3.4 Stealth
 - Level 2.0 Invocations


You had 7 spell levels left.
You didn't know any spells.

Dungeon Overview and Level Annotations

Branches:
Dungeon (5/15)
 Temple: D:4-7

Altars:
Elyvilon
Okawaru
Ru


Innate Abilities, Weirdness & Mutations

You are resistant to torment.
Your stone body is resilient. (AC +5)
You are immune to poison.
You resist negative energy. (rN+)
You are resistant to electric shocks. (rElec)
You can survive without breathing.
You are immune to petrification.
You are immune to rotting.


Message History

You are too injured to fight recklessly!
You are too injured to fight recklessly!
You are too injured to fight recklessly!
You are too injured to fight recklessly!
You are too injured to fight recklessly!
b - a +2 hand crossbow (weapon)
You are too injured to fight recklessly!
Firing (i - inventory. (,) - cycle):
d - 14 bolts (quivered)
Press: ? - help, Shift-Dir - straight line, f/p - ice beast
Aim: an ice beast (almost dead)
You shoot a bolt. The bolt hits the ice beast.
The ice beast is almost dead.
The ice beast hits you.
* * * LOW HITPOINT WARNING * * *
The ice beast freezes you.
* * * LOW HITPOINT WARNING * * *
The ice beast hits you.
* * * LOW HITPOINT WARNING * * *
The ice beast freezes you!
You die...

#.........#
#.........#
#..(......#####.
#...(...........
....(..........
#..(.........
#...Y........
#....@....(..
#............
#............
#............
#............
#....(....(...
#.......!.....
#......$......
#.............


You could see an ice beast.

Vanquished Creatures
  Sigmund (D:2)
  An ogre (D:4)
  A phantom (D:5)
  A bullfrog (D:4)
  A jelly (D:5)
  A crimson imp (D:5)
  3 hounds (D:4)
  An orc priest (D:3)
  A bullfrog skeleton (D:5)
  Crazy Yiuf (D:2)
  Ijyb (D:3)
  Terence (D:3)
  2 orc wizards (D:4)
  2 worker ants (D:5)
  Robin (D:2)
  4 gnolls
  5 adders
  An ooze (D:4)
  An adder skeleton (D:4)
  3 worms (D:2)
  2 dart slugs
  4 leopard geckos
  5 orcs (D:4)
  5 giant cockroaches
  14 hobgoblins
  13 jackals
  A quokka (D:4)
  4 ball pythons
  7 bats
  5 frilled lizards
  19 goblins
  3 kobolds
  A quokka skeleton (D:5)
  14 rats
130 creatures vanquished.

Notes
Turn   | Place    | Note
-------+----------+-------------------------------------------
     0 | D:1      | Evaline the Gargoyle Hunter began the quest for the Orb.
     0 | D:1      | Reached XP level 1. HP: 12/12 MP: 1/1
   124 | D:1      | Reached XP level 2. HP: 11/17 MP: 2/2
   858 | D:1      | Reached XP level 3. HP: 17/21 MP: 3/3
  1354 | D:2      | Reached skill level 5 in Crossbows
  1671 | D:2      | Reached XP level 4. HP: 17/26 MP: 4/4
  1776 | D:2      | Noticed Sigmund
  2101 | D:2      | Noticed Robin
  2526 | D:2      | Killed Robin
  2571 | D:2      | Found a sacrificial altar of Ru.
  3330 | D:2      | Reached XP level 5. HP: 30/30 MP: 5/5
  3391 | D:2      | Found a runed door.
  3396 | D:2      | Noticed Crazy Yiuf
  3405 | D:2      | Killed Crazy Yiuf
  3540 | D:2      | Killed Sigmund
  3540 | D:2      | Reached XP level 6. HP: 30/35 MP: 6/6
  4224 | D:3      | Noticed Ijyb
  4245 | D:3      | Killed Ijyb
  4245 | D:3      | Reached skill level 6 in Crossbows
  4375 | D:3      | Noticed Terence
  4421 | D:3      | Killed Terence
  4597 | D:3      | Found a white marble altar of Elyvilon.
  4648 | D:3      | Found an iron altar of Okawaru.
  4655 | D:3      | Became a worshipper of Warmaster Okawaru
  4974 | D:4      | Reached XP level 7. HP: 27/40 MP: 7/7
  5597 | D:4      | HP: 1/40 [orc (3)]
  6254 | D:4      | Reached skill level 1 in Invocations
  6778 | D:5      | Entered Level 5 of the Dungeon
  7161 | D:5      | Reached skill level 7 in Crossbows
  7187 | D:5      | Reached skill level 5 in Dodging
  7187 | D:5      | Reached XP level 8. HP: 13/44 MP: 9/9
  7634 | D:5      | Reached * piety under Okawaru
  7736 | D:5      | Mangled by an ice beast

Skill      XL: |  1  2  3  4  5  6  7  8 |
---------------+-------------------------+-----
Crossbows      | 5 6 7 |  7.3
Dodging        | 2 3 4 5 |  5.2
Stealth        | 2 3 |  3.4
Invocations    | 1 2 |  2.0
Fighting       | |  2.1

Action                   |  1- 3 |  4- 6 |  7- 9 || total
-------------------------+-------+-------+-------++-------
Melee: Short sword       |   204 |   365 |   222 ||   791
 Fire: Hand crossbow     |     2 |    52 |    41 ||    95
Throw: Stone             |       |       |     4 ||     4
  Use: Scroll            |       |       |    12 ||    12
 Stab: Sleeping          |       |     1 |     1 ||     2
       Distracted        |       |       |     1 ||     1
  Eat: Chunk             |     3 |    10 |    20 ||    33
Armor: Leather armour    |    42 |    41 |    67 ||   150
       Ring mail         |    62 |   209 |       ||   271
       Skin              |     1 |     8 |       ||     9
Dodge: Dodged            |   173 |   325 |   180 ||   678
